 Dungeon Crawl Stone Soup version 0.31-a0-89-g637a80eef8 (webtiles) character file.

Game seed: 17324303731588676704

595 MacCMillion the Chopper (level 7, -8/61 HPs)
             Began as a Ghoul Gladiator on May 25, 2023.
             Was an Initiate of Makhleb.
             Killed from afar by Dowan (13 damage)
             ... with a stone arrow
             ... on level 5 of the Dungeon.
             The game lasted 00:04:35 (3849 turns).

MacCMillion the Chopper (Ghoul Gladiator)           Turns: 3849, Time: 00:04:35

Health: -8/61      AC: 12    Str: 20    XL:     7   Next: 40%
Magic:  6/6        EV:  6    Int:  3    God:    Makhleb [......]
Gold:   202        SH:  0    Dex: 10    Spells: 6/6 levels left

rFire   . . .        a - +0 war axe
rCold   + + .        (no shield)
rNeg    + + +        v - +0 plate armour
rPois   ∞            c - +0 helmet
rElec   .            (no cloak)
rCorr   .            g - +0 pair of gloves
SInv    .            (no boots)
Will    .....        (no amulet) Stlth
                     b - ring of protection from cold
HPRegen 0.00/turn    (no ring)
MPRegen 0.10/turn

%: no passive effects
@: inhibited regen, studying Staves
A: claws 1, cold resistance 1, negative energy resistance 3, inhibited
regeneration, torment resistance 2, devour on kill
a: Renounce Religion


You were on level 5 of the Dungeon.
You worshipped Makhleb.
Makhleb was noncommittal.
You visited 1 branch of the dungeon, and saw 5 of its levels.

You collected 202 gold pieces.

Inventory:

Hand Weapons
 a - a +0 war axe (weapon)
Missiles
 d - 3 throwing nets (quivered)
 e - a javelin
 p - 7 poisoned darts
 x - 2 boomerangs
Armour
 c - a +0 helmet (worn)
 g - a +0 pair of gloves (worn)
 n - a +0 chain mail
 v - a +0 plate armour (worn)
Jewellery
 b - a ring of protection from cold (left hand)
Wands
 i - a wand of quicksilver (24)
 q - a wand of paralysis (4)
Scrolls
 h - 3 scrolls of identify {unknown}
 k - a scroll of noise {unknown}
 l - a scroll of amnesia {unknown}
 m - a scroll of blinking {unknown}
 r - a scroll of magic mapping {unknown}
 s - a scroll of vulnerability {unknown}
 t - a scroll of butterflies {unknown}
 y - a scroll of fog {unknown}
Potions
 f - a potion of heal wounds {unknown}
 j - 2 potions of attraction {unknown}
 o - 2 potions of brilliance {unknown}
 u - a potion of lignification {unknown}
 w - a potion of mutation {unknown}


   Skills:
 - Level 5.0 Fighting
 * Level 6.4 Axes
 - Level 2.0 Throwing
 - Level 2.6 Dodging


You had 6 spell levels left.
You didn't know any spells.
Your spell library contained the following spells:

 Spells                   Type           Power      Damage    Failure   Level
 Summon Small Mammal      Summ           0%         N/A       100%        1
 Call Canine Familiar     Summ           0%         N/A       100%        3
 Summon Guardian Golem    Hex/Summ       0%         N/A       100%        3


Dungeon Overview and Level Annotations

Branches:
Dungeon (5/15)
 Temple: D:4-7

Altars:
Makhleb

Annotations:
D:5 Dowan


Innate Abilities, Weirdness & Mutations

You are immune to poison.
You have sharp fingernails.
Your flesh is cold resistant. (rC+)
You are immune to negative energy. (rN+++)
You do not regenerate when monsters are visible.
You are immune to unholy pain and torment.
You thrive by killing the living.


Message History

You hit Dowan. Duvessa barely misses you. Dowan hits you with a +0 dagger.
Duvessa hits you with a +0 rapier!
You barely miss Duvessa.
Duvessa is severely wounded.
You closely miss Dowan. Duvessa hits you but does no damage.
Dowan hits you but does no damage. Duvessa hits you with a +0 rapier.
Dowan hits you with a +0 dagger.
You slash Duvessa!
Duvessa is almost dead.
You barely miss Dowan. Duvessa barely misses you.
Dowan hits you with a +0 dagger.
Duvessa says, "Where magic fails, the sword succeeds!"
Duvessa hits you with a +0 rapier!
You barely miss Duvessa.
Duvessa is almost dead.
You barely miss Dowan.
Duvessa says, "Where magic fails, the sword succeeds!"
Duvessa hits you with a +0 rapier!
* * * LOW HITPOINT WARNING * * *
Dowan hits you with a +0 dagger.
* * * LOW HITPOINT WARNING * * *
You hit Duvessa.
Duvessa is almost dead.
You barely miss Dowan. Duvessa hits you with a +0 rapier.
* * * LOW HITPOINT WARNING * * *
Duvessa hits you with a +0 rapier!
* * * LOW HITPOINT WARNING * * *
Dowan says, "Stay away from my face!"
Dowan hits you but does no damage.
You slash Duvessa!
You kill Duvessa!
Makhleb accepts your kill.
Dowan seems overcome with grief.
Dowan seems to find hidden reserves of power!
You miss Dowan.
Dowan casts a spell.
Dowan blinks!
Dowan points at you and mumbles some strange words.
The stone arrow hits you!
You die...

#####....###.###
...............####
##
#####<..####.#.#..
. ##### #.#.#.# .#
# #####.#.#.##.##.#
.................
####..e.$.......(
........#..#.#.#
...####..@.# # ..
#....)....# .
...##.........# ##
###........
...###### ####


You could see Dowan (fast).

Vanquished Creatures
  Duvessa (D:5)
  2 ogres
  A scorpion (D:4)
  A hound (D:4)
  A sleepcap (D:4)
  An iguana (D:4)
  7 adders
  4 gnolls (D:4)
  4 dart slugs
  3 orcs (D:3)
  8 ball pythons
  5 endoplasms
  4 giant cockroaches
  5 hobgoblins
  4 jackals
  4 quokkas
  4 bats
  3 frilled lizards
  11 goblins
  10 kobolds
  5 rats
88 creatures vanquished.

Notes
Turn   | Place    | Note
-------+----------+-------------------------------------------
     0 | D:1      | MacCMillion the Ghoul Gladiator began the quest for the
                  | Orb.
     0 | D:1      | Reached XP level 1. HP: 17/17 MP: 0/0
   186 | D:1      | Reached XP level 2. HP: 25/25 MP: 1/1
   205 | D:1      | Reached skill level 3 in Axes
   660 | D:1      | Reached XP level 3. HP: 30/30 MP: 2/2
   995 | D:2      | Noticed an ogre
  1000 | D:2      | Killed an ogre
  1001 | D:2      | Reached skill level 4 in Axes
  1001 | D:2      | Reached XP level 4. HP: 30/40 MP: 3/3
  1001 | D:2      | Reached XP level 5. HP: 35/46 MP: 4/4
  1393 | D:2      | Found a faded altar of an unknown god.
  2263 | D:3      | Paralysed by a kobold for 5 turns
  2271 | D:3      | Paralysed by a kobold for 2 turns
  2274 | D:3      | Paralysed by a kobold for 4 turns
  2799 | D:4      | Reached skill level 5 in Axes
  2799 | D:4      | Reached XP level 6. HP: 44/52 MP: 5/5
  3370 | D:4      | Found a burning altar of Makhleb.
  3371 | D:4      | Noticed a green death
  3371 | D:4      | Noticed an angel
  3378 | D:4      | Became a worshipper of Makhleb the Destroyer
  3565 | D:4      | Reached skill level 5 in Fighting
  3565 | D:4      | Reached skill level 6 in Axes
  3565 | D:4      | Reached XP level 7. HP: 61/61 MP: 6/6
  3821 | D:5      | Entered Level 5 of the Dungeon
  3835 | D:5      | Noticed Dowan
  3836 | D:5      | Noticed Duvessa
  3847 | D:5      | Killed Duvessa
  3849 | D:5      | Killed from afar by Dowan

Illustrated notes

Levels and vault maps discovered:
D:1:      kennysheep_arrival_forest, layout_basic
D:2:      layout_rooms, dreamdust_ecumenical_altar_angels_and_demons,
          serial_glass, glass_columns_c, glass_columns_a
D:3:      layout_loops_ring, minmay_box_of_dots
D:4:      layout_loops_cross, grunt_temple_overflow_order_and_chaos_2,
          minmay_manual_mess
D:5:      minmay_bubble_buster, layout_loops_ring,
          grunt_temple_overflow_growth_and_decay,
          nicolae_overflow_hidden_temple, uniq_duvessa, uniq_crazy_yiuf_cottage,
          uniq_ijyb

Skill      XL: |  1  2  3  4  5  6 |
---------------+-------------------+-----
Axes           | 3 4 5 6 |  6.4
Throwing       | 2 |  2.0
Fighting       | 3 4 5 |  5.0
Dodging        | |  2.6

Action                     |  1- 3 |  4- 6 |  7- 9 || total
---------------------------+-------+-------+-------++-------
  Melee: War axe           |    92 |   154 |    17 ||   263
         Punch             |       |     2 |       ||     2
 Armour: Ring mail         |    34 |    16 |       ||    50
         Leather armour    |     3 |       |       ||     3
         Chain mail        |       |    56 |       ||    56
         Plate armour      |       |    11 |     9 ||    20
  Dodge: Dodged            |    55 |    93 |     7 ||   155

Table legend: (Time is in decaauts)
 A = Elapsed time spent in this place.
 B = Non-inter-level travel time spent in this place.
 C = Inter-level travel time spent in this place.
 D = Time resting spent in this place.
 E = Time spent auto-exploring this place.
 F = Levels seen in this place.
 G = Mean time per level.
                   A        B        C        D        E       F      G
               +--------+--------+--------+--------+--------+-----+--------+
         Total |   3926 |   3843 |     83 |   1011 |   2144 |   5 |  785.2 |
       Dungeon |   3926 |   3843 |     83 |   1011 |   2144 |   5 |  785.2 |
               +--------+--------+--------+--------+--------+-----+--------+

Top non-repeatable levels by time:
     D:3: 1235 daAuts
     D:4: 1060 daAuts
     D:1: 854 daAuts
     D:2: 746 daAuts
     D:5: 29 daAuts
